 Dungeon Crawl Stone Soup version 0.30-a0-341-g682706514a (webtiles) character file.

Game seed: 11847902732331610787

322 avis the Cleaver (level 6, -10/52 HPs)
             Began as a Hill Orc Monk on Nov 2, 2022.
             Mangled by an ogre
             ... wielding a +0 giant spiked club
              (25 damage)
             ... on level 3 of the Dungeon.
             The game lasted 00:13:54 (3196 turns).

avis the Cleaver (Hill Orc Monk)                    Turns: 3196, Time: 00:13:54

Health: -10/52     AC:  9    Str: 16    XL:     6   Next: 47%
Magic:  6/6        EV:  6    Int: 10    God:
Gold:   105        SH:  9    Dex: 13    Spells: 5/5 levels left

rFire   . . .      SeeInvis .    a - +0 war axe
rCold   . . .      Faith    .    o - +0 buckler
rNeg    . . .      Spirit   .    f - +0 chain mail
rPois   .          Reflect  +    h - +0 helmet
rElec   .          Harm     .    (no cloak)
rCorr   .          Rampage  .    (no gloves)
Will    .....                    (no boots)
Stlth   ..........               B - amulet of reflection
HPRegen 0.28/turn                (no ring)
MPRegen 0.10/turn                (no ring)

@: no status effects
A: no striking features
a: no special abilities


You were on level 3 of the Dungeon.
You visited 1 branch of the dungeon, and saw 4 of its levels.

You collected 105 gold pieces.

Inventory:

Hand Weapons
 a - a +0 war axe (weapon)
 g - a +0 hand axe
 A - a +1 dagger of venom
Missiles
 b - 4 boomerangs (quivered)
 i - 3 javelins
Armour
 f - a +0 chain mail (worn)
 h - a +0 helmet (worn)
 o - a +0 buckler (worn)
 q - a +2 robe of willpower
 t - a +0 chain mail
 z - a +0 chain mail
Jewellery
 B - an amulet of reflection (around neck)
Scrolls
 j - a scroll of poison {unknown}
 k - a scroll of noise {unknown}
 n - a scroll of acquirement {unknown}
 p - 2 scrolls of enchant armour {unknown}
 r - 2 scrolls of teleportation {unknown}
 s - 2 scrolls of identify {unknown}
 w - a scroll of amnesia {unknown}
 y - a scroll of blinking {unknown}
Potions
 c - 2 potions of ambrosia
 d - a potion of lignification {unknown}
 e - 2 potions of curing {unknown}
 l - 2 potions of heal wounds {unknown}
 m - a potion of attraction {unknown}
 u - a potion of mutation {unknown}
 v - a potion of magic {unknown}
 x - a potion of degeneration {unknown}


   Skills:
 - Level 4.0 Fighting
 * Level 8.1 Axes
 - Level 1.1 Armour
 - Level 2.4 Dodging
 - Level 1.5 Stealth
 + Level 2.8 Shields


You had 5 spell levels left.
You didn't know any spells.
Your spell library contained the following spells:

 Spells                   Type           Power      Damage    Failure   Level
 Slow                     Hex            0%         N/A       100%        1
 Confusing Touch          Hex            0%         N/A       100%        3
 Vampiric Draining        Necr           0%         2d6       100%        3


Dungeon Overview and Level Annotations

Branches:
Dungeon (4/15)
 Temple: D:4-7

Altars:

Annotations:
D:3 3 runed translucent doors, drewk1942's ghost, amateur TrFi
D:4 Pikel


Message History

You block the gnoll's attack.
There is a stone staircase leading up, spattered with blood here.
You barely miss the gnoll. You block the gnoll's attack.
You hit the gnoll but do no damage. The gnoll hits you with a +0 spear.
You hit the gnoll.
The gnoll is moderately wounded.
The gnoll hits you but does no damage. The gnoll hits you with a +0 spear!
You hit the gnoll.
The gnoll is heavily wounded.
You block the gnoll's attack.
You hit the gnoll.
The gnoll is severely wounded.
The gnoll hits you with a +0 spear.
You barely miss the gnoll.
The gnoll is severely wounded.
The ogre shouts!
You hear a shout!
The gnoll hits you with a +0 spear.
You hit the gnoll but do no damage.
The gnoll is severely wounded.
The gnoll hits you with a +0 spear.
You barely miss the gnoll.
The gnoll is severely wounded.
You block the gnoll's attack.
You hit the gnoll but do no damage.
The gnoll is severely wounded.
The gnoll hits you but does no damage.
You slash the gnoll!
You kill the gnoll!
You block the gnoll's attack.
A kobold comes into view. It is wielding a +0 sling.
The gnoll hits you but does no damage.
The ogre hits you with a +0 giant spiked club!
You climb upwards.
Level annotation: 3 runed translucent doors, drewk1942's ghost, amateur TrFi
There is a stone staircase leading down, spattered with blood here.
The gnoll hits you with a +0 whip.
* * * LOW HITPOINT WARNING * * *
The ogre attacks as you move away!
The ogre hits you with a +0 giant spiked club!!
You die...

..#.##.####.###.# #.# #.#
..#.##.###...##.# #.# #.#
..#.##.....#....# #.# #.#
.....#####...#### #)# #..
..#..######.## #.# ##..
............# #.# ##...
......####..#######.#### #..##
..#...####.....O>g.....# #(...
............####@#####.#### #.#..
....#..###### ##.## #.##.###....
.####..########...####...#.......
........................###.###.#
.####.#######.#...####.## ##....#
......# #.##.## ##.###.#####
.###### #.##.# ##.#.## .# #.##.#
##.## .############.##.# ###


You could see an ogre and a gnoll.

Vanquished Creatures
  2 lemures
  A necrophage (D:4)
  A hound (D:4)
  Terence (D:3)
  Jessica (D:2)
  6 gnolls
  5 adders
  A worm (D:2)
  2 dart slugs (D:1)
  6 endoplasms
  6 giant cockroaches
  4 goblins
  7 hobgoblins
  3 jackals (D:2)
  6 quokkas
  5 ball pythons
  3 bats
  4 frilled lizards
  9 kobolds
  8 rats
81 creatures vanquished.

Vanquished Creatures (others)
  8 plants (D:1)
8 creatures vanquished.

Grand Total: 89 creatures vanquished

Notes
Turn   | Place    | Note
-------+----------+-------------------------------------------
     0 | D:1      | avis the Hill Orc Monk began the quest for the Orb.
     0 | D:1      | Reached XP level 1. HP: 19/19 MP: 1/1
   107 | D:1      | Reached XP level 2. HP: 25/27 MP: 2/2
   258 | D:1      | Reached skill level 5 in Axes
   365 | D:1      | Reached XP level 3. HP: 29/33 MP: 3/3
  1376 | D:2      | Found a faded altar of an unknown god.
  1381 | D:2      | Reached skill level 1 in Armour
  1381 | D:2      | Reached XP level 4. HP: 40/40 MP: 4/4
  1521 | D:2      | Noticed Jessica
  1532 | D:2      | Killed Jessica
  1533 | D:2      | Reached skill level 6 in Axes
  1751 | D:2      | Reached skill level 1 in Shields
  1966 | D:3      | Reached XP level 5. HP: 42/46 MP: 5/5
  2170 | D:3      | Noticed drewk1942's ghost (amateur TrFi)
  2175 | D:3      | Reached skill level 7 in Axes
  2176 | D:3      | Found a runed translucent gate.
  2176 | D:3      | Found a runed translucent gate.
  2176 | D:3      | Found a runed translucent gate.
  2402 | D:3      | Noticed Terence
  2419 | D:3      | Killed Terence
  2820 | D:4      | Noticed an ogre
  2887 | D:4      | Reached XP level 6. HP: 52/52 MP: 6/6
  2916 | D:4      | Noticed Pikel
  3102 | D:4      | Reached skill level 8 in Axes
  3196 | D:3      | Mangled by an ogre

Illustrated notes

Levels and vault maps discovered:
D:1:      scummos_arrival_gate, layout_loops_ring, serial_bayou_pond_a,
          serial_bayou_lagoon_a, chequers_serial_rivers_large_a
D:2:      layout_basic, basic_ecumenical_altar, kennysheep_big_empty_room,
          grunt_ministairs_3, uniq_jessica
D:3:      layout_loops_ring, ebering_ghost_rock_garden, uniq_terence
D:4:      layout_rooms, minmay_temple_entry_overgrown, serial_shops,
          nicolae_shop_hallway_plus, uniq_pikel

Skill      XL: |  1  2  3  4  5  6 |
---------------+-------------------+-----
Fighting       | 4 |  4.0
Axes           | 5 6 7 8 |  8.1
Armour         | 1 |  1.1
Shields        | 1 2 |  2.8
Dodging        | |  2.4
Stealth        | |  1.5

Action                   |  1- 3 |  4- 6 || total
-------------------------+-------+-------++-------
Melee: Hand axe          |    66 |       ||    66
       Punch             |     1 |       ||     1
       War axe           |    61 |   162 ||   223
 Stab: Sleeping          |     1 |       ||     1
Armor: Robe              |    11 |       ||    11
       Chain mail        |    38 |    65 ||   103
Dodge: Dodged            |    61 |    38 ||    99
Block: Buckler           |       |    44 ||    44

Table legend: (Time is in decaauts)
 A = Elapsed time spent in this place.
 B = Non-inter-level travel time spent in this place.
 C = Inter-level travel time spent in this place.
 D = Time resting spent in this place.
 E = Time spent auto-exploring this place.
 F = Levels seen in this place.
 G = Mean time per level.
                   A        B        C        D        E       F      G
               +--------+--------+--------+--------+--------+-----+--------+
         Total |   3265 |   2789 |    476 |    467 |   1446 |   4 |  816.2 |
       Dungeon |   3265 |   2789 |    476 |    467 |   1446 |   4 |  816.2 |
               +--------+--------+--------+--------+--------+-----+--------+

Top non-repeatable levels by time:
     D:3: 1104 daAuts
     D:1: 1095 daAuts
     D:2: 921 daAuts
     D:4: 144 daAuts
